 Dungeon Crawl Stone Soup version 0.31-a0-45-g5f0c076935 (webtiles) character file.

Game seed: 11911315736886275775

8652 Kenran the Carver (level 11, 0/90 HPs)
             Began as a Formicid Fighter on May 21, 2023.
             Was a Priest of Wu Jian.
             Slain by a centaur (5 damage)
             ... on level 11 of the Dungeon.
             The game lasted 00:22:33 (11623 turns).

Kenran the Carver (Formicid Fighter)               Turns: 11623, Time: 00:22:34

Health: 0/90       AC: 19    Str: 20    XL:     11   Next: 59%
Magic:  0/11       EV:  5    Int:  9    God:    Wu Jian [***...]
Gold:   586        SH:  6    Dex: 17    Spells: 10/10 levels left

rFire   + . .        a - +0 scimitar
rCold   . . .        c - +0 buckler
rNeg    . . .        G - +0 plate armour {rF+}
rPois   .            (helmet unavailable)
rElec   .            u - +0 cloak
rCorr   .            H - +2 pair of gloves
SInv    +            f - +1 pair of boots
Will    +....        e - amulet of guardian spirit Stlth
                     (no ring)
HPRegen 0.35/turn    (no ring)
MPRegen 0.12/turn

%: guardian spirit
@: no status effects
A: permanent stasis, dig shafts and tunnels, antennae 3, four strong arms
a: Dig, Shaft Self, Renounce Religion, Wall Jump, Serpent's Lash


You were on level 11 of the Dungeon.
You worshipped Wu Jian.
Wu Jian was most pleased with you.
You visited 2 branches of the dungeon, and saw 12 of its levels.
You also visited: Ossuary.

You collected 586 gold pieces.

Inventory:

Hand Weapons
 a - a +0 scimitar (weapon)
Armour
 c - a +0 buckler (worn)
 f - a +1 pair of boots (worn)
 u - a +0 cloak (worn)
 G - a +0 plate armour of fire resistance (worn)
 H - a +2 pair of gloves (worn)
Jewellery
 e - an amulet of guardian spirit (around neck)
 C - a ring of fire
Wands
 b - a wand of quicksilver (14)
 d - a wand of flame (6)
 k - a wand of polymorph (15)
 n - a wand of iceblast (28)
Scrolls
 i - a scroll of enchant weapon {unknown}
 j - 2 scrolls of vulnerability {!r}
 o - 2 scrolls of fear
 p - 2 scrolls of immolation {!r}
 v - a scroll of poison {!r}
 y - a scroll of brand weapon
 B - a scroll of magic mapping
Potions
 g - a potion of invisibility {unknown}
 h - 2 potions of ambrosia {unknown}
 l - a potion of degeneration {unknown}
 m - 3 potions of attraction {unknown}
 q - 2 potions of brilliance
 r - 2 potions of mutation {unknown}
 s - 2 potions of curing {@q1}
 x - 5 potions of resistance {unknown}
 z - 2 potions of lignification {unknown}
 A - a potion of flight {unknown}
Miscellaneous
 w - a phantom mirror (inert)


   Skills:
 - Level 10.0 Fighting
 - Level 14.0 Long Blades
 + Level 5.2 Armour
 - Level 6.0 Shields
 - Level 3.0 Evocations


You had 10 spell levels left.
You didn't know any spells.
Your spell library contained the following spells:

 Spells                   Type           Power      Damage    Failure   Level
 Shock                    Conj/Air       0%         1d3       100%        1
 Ensorcelled Hibernation  Hex/Ice        0%         N/A       100%        2
 Passwall                 Tmut/Erth      0%         N/A       100%        2
 Airstrike                Air            0%         2d(0-16)  100%        4
 Swiftness                Air            Unusable   N/A       N/A         3

Dungeon Overview and Level Annotations

Branches:
Dungeon (11/15)            Temple (1/1) D:5            Lair (0/5) D:10
Ossuary (visited)
    Orc: D:9-12

Altars:
Cheibriados
Dithmenos
Elyvilon
Fedhas
Gozag
Hepliaklqana
Kikubaaqudgha
Makhleb
Nemelex Xobeh
Qazlal
Ru
Sif Muna
Vehumet
Wu Jian
Xom
Yredelemnul
Zin
The Shining One

Shops:
D:1 (   D:6 [

Annotations:
D:8 1 runed translucent door, Zigma's ghost, novice DrMo


Innate Abilities, Weirdness & Mutations

You cannot be hasted, slowed, berserked, paralysed or teleported.
You can dig through walls and to a lower floor.
You have a pair of large antennae on your head. (SInv)
Your four strong arms can wield two-handed weapons with a shield.


Message History

The troll barely misses you.
You barely miss the troll.
The troll is almost dead.
You hit the troll but do no damage.
The troll is almost dead.
You are no longer corroded.
The troll bites you but does no damage. You block the troll's attack.
The troll claws you.
* * * LOW HITPOINT WARNING * * *
You slice the troll!!
You kill the troll!
The Council accepts your kill.
The troll leather armour is intact enough to wear.
The kobold throws a stone.
The stone barely misses you.
The centaur wields a +0 shortbow.
The centaur shoots an arrow.
The arrow closely misses you.
Training target 14.0 for Long Blades reached!
Your Long Blades skill increases to level 14!
You need to enable at least one skill for training.
You feel better.
The centaur shoots an arrow.
The arrow hits you!
* * * LOW HITPOINT WARNING * * *
The kobold demonologist hits you with a +0 dagger.
* * * LOW HITPOINT WARNING * * *
You feel better.
The centaur shoots an arrow.
The arrow barely misses you.
The kobold demonologist hits you but does no damage.
The centaur shoots an arrow.
The arrow hits you.
* * * LOW HITPOINT WARNING * * *
The centaur unwields a +0 shortbow.
The centaur hits you but does no damage.
The centaur kicks you but does no damage.
You barely miss the centaur. The centaur hits you.
* * * LOW HITPOINT WARNING * * *
The centaur barely misses you.
You block the kobold demonologist's attack.
You spin and attack the centaur.
You barely miss the centaur. The centaur hits you.
* * * LOW HITPOINT WARNING * * *
The centaur completely misses you. The kobold barely misses you.
The centaur hits you.
You die...

#. #>#
#..####.#
#...<.#.######
##.##.#....(.#
#.#.........#
#...........#
###..##...$.#
###..#cK....#
..<.#@#.####
#.#.##K#[#
#.#....).# #
####)### §#.#
§... ...##
≣≣... { ≣...


You could see a kobold demonologist, a centaur and a kobold.

Vanquished Creatures
  Erolcha (D:9)
  A komodo dragon (D:10)
  2 kobold demonologists (D:11)
  A rime drake (D:10)
  A troll (D:11)
  Grinder (D:5)
  A shadow (D:9)
  A vampire (D:10)
  5 yaks (D:7)
  2 wyverns
  2 steam dragons
  Grum (D:8)
  An acid dragon (D:11)
  A water moccasin (D:5)
  6 ice beasts
  A sky beast (D:7)
  4 orc warriors
  A black bear (D:7)
  5 wolves
  3 centaurs
  2 bullfrogs (D:8)
  An elf zombie (D:5)
  2 kobold brigands
  2 scorpions
  2 elf skeletons (D:5)
  7 water moccasin zombies (Ossuary)
  5 wights
  16 killer bees
  3 howler monkeys
  2 hounds
  A human zombie (D:5)
  2 jellies
  4 orc priests
  2 gnoll boudas
  4 iguanas
  Ijyb (D:3)
  2 human skeletons (D:5)
  4 orc wizards
  2 mummies (Ossuary)
  5 gnolls (D:7)
  6 adders
  2 shadow imps
  2 white imps
  3 ufetubi
  6 adder zombies (Ossuary)
  An adder skeleton (D:2)
  2 dart slugs
  30 orcs
  11 endoplasms
  5 giant cockroaches
  17 goblins
  4 hobgoblins
  4 jackals (D:1)
  4 quokkas
  5 ball pythons
  A ball python skeleton (D:2)
  7 bats
  6 frilled lizards
  2 giant cockroach zombies (D:2)
  A gnoll zombie (Ossuary)
  4 hobgoblin zombies (Ossuary)
  A jackal zombie (D:2)
  16 kobolds
  4 kobold zombies (Ossuary)
  2 orc zombies (Ossuary)
  5 rats
261 creatures vanquished.

Vanquished Creatures (others)
  An orc wizard (D:8)
1 creature vanquished.

Grand Total: 262 creatures vanquished

Notes
Turn   | Place    | Note
-------+----------+-------------------------------------------
     0 | D:1      | Kenran the Formicid Fighter began the quest for the Orb.
     0 | D:1      | Reached XP level 1. HP: 18/18 MP: 1/1
   218 | D:1      | Reached XP level 2. HP: 24/24 MP: 2/2
   377 | D:1      | Reached skill level 3 in Long Blades
   614 | D:1      | Found Taitu's Antique Weapon Shoppe.
   709 | D:1      | Reached XP level 3. HP: 29/29 MP: 3/3
  1212 | D:2      | Reached skill level 4 in Long Blades
  1212 | D:2      | Reached XP level 4. HP: 35/35 MP: 4/4
  1555 | D:3      | Noticed Ijyb
  1594 | D:3      | Killed Ijyb
  1595 | D:3      | Reached XP level 5. HP: 24/41 MP: 5/5
  1665 | D:3      | Identified the +5 robe of the Stonemason {Drain rPois Int+3
                  | Dex+3}
  1719 | D:3      | Reached skill level 5 in Long Blades
  2495 | D:4      | You fall into a shaft and drop 1 floor!
  2495 | D:5      | Entered Level 5 of the Dungeon
  2508 | D:5      | Identified the +2 leather armour of the Bulwark {Regen+}
  2567 | D:5      | Reached XP level 6. HP: 43/47 MP: 6/6
  2648 | D:5      | Reached skill level 6 in Long Blades
  2842 | D:5      | Reached skill level 7 in Long Blades
  2842 | D:5      | Reached XP level 7. HP: 51/52 MP: 7/7
  2843 | D:5      | Found a sand-covered staircase.
  2875 | Ossuary  | Entered an ossuary
  2964 | Ossuary  | Reached skill level 8 in Long Blades
  3014 | Ossuary  | Reached XP level 8. HP: 58/58 MP: 8/8
  3062 | Ossuary  | Reached skill level 9 in Long Blades
  3281 | D:4      | Found an opulent altar of Gozag.
  4543 | D:5      | Found a staircase to the Ecumenical Temple.
  4550 | Temple   | Entered the Ecumenical Temple
  4597 | Temple   | Became a worshipper of the Wu Jian Council
  4645 | D:5      | Reached skill level 10 in Long Blades
  4645 | D:5      | Reached skill level 1 in Evocations
  4728 | D:5      | Noticed Grinder
  4740 | D:5      | Killed Grinder
  4741 | D:5      | Reached XP level 9. HP: 55/64 MP: 9/9
  5266 | D:6      | Reached skill level 5 in Fighting
  5613 | D:6      | Found Amiwkob's Armour Boutique.
  5952 | D:7      | Reached * piety under Wu Jian
  6395 | D:7      | Reached skill level 11 in Long Blades
  7364 | D:7      | Reached XP level 10. HP: 16/74 MP: 0/10
  7372 | D:7      | Reached skill level 12 in Long Blades
  7582 | D:8      | Noticed Grum
  7715 | D:8      | Reached skill level 5 in Armour
  7795 | D:8      | HP: 3/77 [Grum/+1 glaive (19)]
  7798 | D:8      | Killed Grum
  8123 | D:8      | Reached ** piety under Wu Jian
  8331 | D:8      | Found a runed translucent door.
  8333 | D:8      | Noticed Zigma's ghost (novice DrMo)
  8335 | D:8      | Identified the +9 trident "Rell" {venom, Int-2 Dex+5}
  8484 | D:9      | Noticed Erolcha
  9083 | D:9      | Reached XP level 11. HP: 71/87 MP: 8/11
  9276 | D:9      | Killed Erolcha
  9277 | D:9      | Reached skill level 13 in Long Blades
  9368 | D:9      | Reached *** piety under Wu Jian
  9750 | D:9      | Found a radiant altar of Vehumet.
 10136 | D:10     | Entered Level 10 of the Dungeon
 10603 | D:10     | Found a staircase to the Lair.
 10788 | D:10     | Reached skill level 10 in Fighting
 10826 | D:10     | Found a shimmering altar of Xom.
 11579 | D:11     | Noticed a sun demon
 11619 | D:11     | Reached skill level 14 in Long Blades
 11623 | D:11     | Slain by a centaur

Illustrated notes

Levels and vault maps discovered:
D:1:      dpeg_arrival_fog, layout_loops_corners, serial_shops,
          nicolae_shop_dealshenge
D:2:      layout_rooms, serial_undead, serial_undead_a, serial_undead_e,
          serial_undead_f, serial_undead_e
D:3:      kennysheep_the_goblin_king, layout_basic, roderic_roman_lattice
D:4:      layout_layer_cave, grunt_gozag_breadcrumbs
D:5:      layout_loops_corners, temple_fountains,
          nicolae_ossuary_entry_catacombs, uniq_grinder
D:6:      layout_loops_ring, serial_shops, shop
D:7:      layout_basic, chequers_decorated_corner, columned_hall_lemuel,
          hangedman_decor_riveting, minmay_misc_feat_nine_boxes
D:8:      kennysheep_ambush_hall, layout_cave_pools,
          ebering_ghost_funeral_grove, uniq_grum
D:9:      layout_long_grid, nicolae_overflow_hidden_temple, enter_bailey_3,
          hex_large, uniq_erolcha
D:10:     layout_stronghold, mainiacjoe_overflow_tiny_flanked,
          hellmonk_lair_entry_icy
D:11:     layout_loops_cross, minmay_orc_entry_temple_small
Temple:   compressed_dpeg_triangle_lava_temple

Skill      XL: |  1  2  3  4  5  6  7  8  9 10 11 |
---------------+----------------------------------+-----
Long Blades    | 3 4 5 7 8 10 11 12 14 | 14.0
Evocations     | 3 |  3.0
Shields        | 6 |  6.0
Fighting       | 5 8 10 | 10.0
Armour         | 5 |  5.2

Action                     |  1- 3 |  4- 6 |  7- 9 | 10-12 || total
---------------------------+-------+-------+-------+-------++-------
  Melee: Long sword        |   130 |   234 |   511 |   309 ||  1184
         Scimitar          |       |       |       |   235 ||   235
Ability: Dig               |       |     2 |     2 |     3 ||     7
         Whirlwind         |       |       |    17 |    66 ||    83
         Lunge             |       |       |    12 |    15 ||    27
         Wall Jump         |       |       |       |     4 ||     4
  Evoke: Wand              |       |       |       |     4 ||     4
         Phantom mirror    |       |       |       |     1 ||     1
    Use: Scroll            |       |     1 |     7 |     5 ||    13
         Potion            |       |       |     9 |     5 ||    14
   Stab: Sleeping          |       |     2 |     1 |       ||     3
 Armour: Scale mail        |    64 |    47 |       |       ||   111
         Chain mail        |       |    19 |       |       ||    19
         Leather armour    |       |    12 |   126 |    24 ||   162
         Plate armour      |       |       |       |   211 ||   211
  Dodge: Dodged            |    75 |    93 |   188 |   118 ||   474
  Block: Buckler           |    36 |    53 |   121 |   134 ||   344

Table legend: (Time is in decaauts)
 A = Elapsed time spent in this place.
 B = Non-inter-level travel time spent in this place.
 C = Inter-level travel time spent in this place.
 D = Time resting spent in this place.
 E = Time spent auto-exploring this place.
 F = Levels seen in this place.
 G = Mean time per level.
                   A        B        C        D        E       F      G
               +--------+--------+--------+--------+--------+-----+--------+
         Total |  11603 |  10924 |    679 |   1635 |   6361 |  13 |  892.5 |
       Dungeon |  11255 |  10588 |    667 |   1615 |   6265 |  11 | 1023.2 |
        Temple |     60 |     48 |     12 |      0 |     35 |   1 |   60.0 |
       Ossuary |    286 |    286 |      0 |     20 |     61 |   1 |  286.0 |
               +--------+--------+--------+--------+--------+-----+--------+

Top non-repeatable levels by time:
     D:7: 1613 daAuts
     D:8: 1406 daAuts
    D:10: 1402 daAuts
     D:4: 1307 daAuts
     D:5: 1243 daAuts
     D:9: 1150 daAuts
     D:1: 980 daAuts
     D:3: 841 daAuts
     D:6: 692 daAuts
     D:2: 562 daAuts
 Ossuary: 286 daAuts
  Temple: 60 daAuts
    D:11: 56 daAuts
